 Dungeon Crawl Stone Soup version 0.13-a0-2417-g818e1a6 (webtiles) character file.

23 GwynethRKB the Firebug (level 1, -1/10 HPs)
             Began as a Deep Elf Fire Elementalist on July 16, 2013.
             Slain by a giant gecko (5 damage)
             ... on Level 1 of the Dungeon.
             The game lasted 00:01:28 (332 turns).

GwynethRKB the Firebug (Deep Elf Fire Elementalist)  Turns: 332, Time: 00:01:28

HP  -1/10        AC  2     Str  5      XL: 1   Next: 41%
MP   0/4         EV 13     Int 19      God:
Gold 20          SH  0     Dex 15      Spells:  1 memorised,  2 levels left

Res.Fire  : . . .   See Invis. : .   (no weapon)
Res.Cold  : . . .   Warding    : .   a - +0 elf robe
Life Prot.: . . .   Conserve   : .   (no shield)
Res.Poison: .       Res.Corr.  : .   (no helmet)
Res.Elec. : .       Clarity    : .   (no cloak)
Sust.Abil.: . .     Spirit.Shd : .   (no gloves)
Res.Mut.  : .       Stasis     : .   (no boots)
Res.Rott. : .       Flight     : .   (no amulet)
Saprovore : . . .                    (no ring)
                                     (no ring)

@: not resistant to hostile enchantments, fairly stealthy
A: no striking features
a: no special abilities


You were on level 1 of the Dungeon.
You were not hungry.

You visited 1 branch of the dungeon, and saw 1 of its levels.

Inventory:

Armour
 a - a +0 elven robe (worn)
Comestibles
 c - a bread ration
Scrolls
 d - a scroll of identify {unknown}
Potions
 e - a potion of speed {unknown}
Books
 b - a book of Flames

   Spells                             Type                      Level
   *Flame Tongue                      Conjuration/Fire             1
   Throw Flame                        Conjuration/Fire             2
   Conjure Flame                      Conjuration/Fire             3
   Inner Flame                        Hexes/Fire                   3
   Sticky Flame                       Conjuration/Fire             4
   Fireball                           Conjuration/Fire             5


   Skills:
 - Level 2.4 Dodging
 - Level 2.6 Stealth
 + Level 1.6 Spellcasting
 * Level 1.1 Conjurations
 + Level 3.4 Fire Magic


You had 2 spell levels left.
You knew the following spells:

 Your Spells              Type           Power        Failure   Level  Hunger
a - Flame Tongue          Conj/Fire      ##...        10%         1    #......


Dungeon Overview and Level Annotations

Branches:
Dungeon (1/27)

Altars:


Message History

Welcome, GwynethRKB the Deep Elf Fire Elementalist.
The destiny of this world depends on the Orb of Zot.
Go down and get it!
Press ? for a list of commands and other information.
Found a staircase leading out of the dungeon.
You start waiting.
Done waiting.
A goblin comes into view. It is wielding an elven dagger.
Casting: Flame Tongue
Confirm with . or Enter, or press ? or * to list all spells.
Aiming: Flame Tongue
Press: ? - help, Shift-Dir - straight line, f - goblin
Aim: a goblin, wielding an elven dagger The flame hits the goblin.
You kill the goblin!
You see here an elven dagger.
Magic restored.
d - a scroll labeled RUQOMU MUYHAD A giant cockroach comes into view.
Casting: Flame Tongue
Confirm with . or Enter, or press ? or * to list all spells.
Aiming: Flame Tongue
Press: ? - help, Shift-Dir - straight line, f - giant cockroach
Aim: a giant cockroach You miscast Flame Tongue.
You are very lightly contaminated with residual magic.
Nothing appears to happen.
Casting: Flame Tongue
Confirm with . or Enter, or press ? or * to list all spells.
Aiming: Flame Tongue
Press: ? - help, Shift-Dir - straight line, f/p - giant cockroach
Aim: a giant cockroach The flame hits the giant cockroach.
You kill the giant cockroach!
Unknown command.
You open the door.
There is an open door here.
Your magical contamination has completely faded away.
Magic restored.
A dart shoots out and misses you.
There is a dart trap here.
You see here a dart.
Found 29 stones.
You see here 29 stones.
You see here 29 stones.
Found 13 darts of flame.
e - a green potion You open the door.
A jackal comes into view.
A jackal is nearby!
A giant gecko and a jackal come into view.
Found a runed sling.
There is an open door here.
Sorry, you're not good enough to have a special ability.
Casting: Flame Tongue
Confirm with . or Enter, or press ? or * to list all spells.
You can't see any susceptible monsters within range! (Use Z to cast anyway.)
The jackal barks!
The jackal bites you.
Casting: Flame Tongue
Confirm with . or Enter, or press ? or * to list all spells.
Aiming: Flame Tongue
Press: ? - help, Shift-Dir - straight line, f - jackal
Aim: a jackal The flame hits the jackal.
The jackal is moderately wounded.
The jackal bites you but does no damage.
Casting: Flame Tongue
Confirm with . or Enter, or press ? or * to list all spells.
Aiming: Flame Tongue
Press: ? - help, Shift-Dir - straight line, f/p - jackal
Aim: a jackal (moderately wounded)
The flame hits the jackal.
The jackal is heavily wounded.
The jackal bites you. The jackal barely misses you.
The jackal closely misses you.
Casting: Flame Tongue
Confirm with . or Enter, or press ? or * to list all spells.
Aiming: Flame Tongue
Press: ? - help, Shift-Dir - straight line, f/p - jackal
Aim: a jackal (heavily wounded)
The flame hits the jackal.
The jackal is severely wounded.
The jackal bites you but does no damage.
The jackal barely misses you. The giant gecko closely misses you.
Casting: Flame Tongue
Confirm with . or Enter, or press ? or * to list all spells.
Aiming: Flame Tongue
Press: ? - help, Shift-Dir - straight line, f/p - jackal
Aim: a jackal (severely wounded)
The flame hits the jackal.
You kill the jackal!
The jackal bites you. The giant gecko bites you.
Ouch! That really hurt!
You die...

#.###.....#######.####
#.#
......................#
#.#
#.####..#########.##.#
#.# #.####..# #.##.###.#
#.......# #........#
#######'## ####.#####
##...## #.# ##.....##
####.#### #.....l@#
##.#.....# #......h..#
##....###.###
+.).......+.......# #....
#.........####....###.###
#.......## ##.#.....#
#.....## #####.### #...##
#.# #+# ####.# #.# #....#


You could see a giant gecko and a jackal.

Vanquished Creatures
  A giant cockroach (D:1)
  A jackal (D:1)
  A goblin (D:1)
3 creatures vanquished.

Notes
Turn   | Place    | Note
--------------------------------------------------------------
     0 | D:1      | GwynethRKB, the Deep Elf Fire Elementalist, began the quest for the Orb.
     0 | D:1      | Reached XP level 1. HP: 10/10 MP: 4/4
   332 | D:1      | Slain by a giant gecko

Action                   || total
-------------------------++-------
 Cast: Flame Tongue      ||     6
